 Dungeon Crawl Stone Soup version 0.21.1-1-g345015fe64 (webtiles) character file.

1601 Lusmu the Frost Mage (level 8, 0/52 HPs)
             Began as a Merfolk Ice Elementalist on Apr 9, 2018.
             Was a Follower of Vehumet.
             Slain by a wight
             ... wielding a +0 dire flail
              (2 damage)
             ... on level 6 of the Dungeon.
             The game lasted 00:51:25 (9110 turns).

Lusmu the Frost Mage (Merfolk Ice Elementalist)     Turns: 9110, Time: 00:51:26

Health: 0/52       AC:  8    Str:  9    XL:     8   Next: 94%
Magic:  5/11       EV: 10    Int: 19    God:    Vehumet [*.....]
Gold:   174        SH:  0    Dex: 14    Spells: 1/11 levels left

rFire    x . .     SeeInvis .   a - +2 short sword (venom)
rCold    + . .     Gourm    .   (no shield)
rNeg     . . .     Faith    .   h - +0 ring mail
rPois    .         Spirit   .   d - +1 helmet {Int+3}
rElec    .         Reflect  .   (no cloak)
rCorr    .         Harm     .   (no gloves)
MR       .....                  j - +0 pair of boots
Stlth    +.........             (no amulet)
HPRegen  0.17/turn              n - ring of wizardry
MPRegen  0.12/turn              t - ring of ice

@: heavily drained
A: change form in water, swift swim, stealthy swim
a: Renounce Religion


You were on level 6 of the Dungeon.
You worshipped Vehumet.
Vehumet was aware of your devotion.
You were hungry.

You visited 2 branches of the dungeon, and saw 8 of its levels.

You collected 216 gold pieces.
You spent 42 gold pieces at shops.

Inventory:

Hand Weapons
 a - a +2 short sword of venom (weapon)
 i - a +0 hunting sling
Missiles
 v - 13 poisoned needles
 y - 2 exploding tomahawks (quivered)
Armour
 d - a +1 helmet of intelligence (worn)
 h - a +0 ring mail (worn)
 j - a +0 pair of boots (worn)
Jewellery
 n - a ring of wizardry (left hand)
 t - a ring of ice (right hand)
 x - an uncursed ring of protection from magic
Wands
 q - a wand of iceblast (6)
Scrolls
 k - 3 scrolls of enchant armour
 l - 3 scrolls of remove curse
 m - a scroll of fear
 w - a scroll of teleportation
Potions
 g - a potion of berserk rage {unknown}
 o - a potion of magic
 p - 2 potions of resistance {unknown}
Books
 b - a book of Frost

   Spells                             Type                      Level
   a - Freeze                         Ice                          1
   b - Throw Frost                    Conjuration/Ice              2
   c - Ozocubu's Armour               Charms/Ice                   3
   d - Throw Icicle                   Conjuration/Ice              4
   e - Summon Ice Beast               Ice/Summoning                4
 u - the Incunabulum of Virous Talismans
   (You found it on level 6 of the Dungeon)

   Spells                             Type                      Level
   a - Infusion                       Charms                       1
   b - Swiftness                      Charms/Air                   2
   c - Ozocubu's Armour               Charms/Ice                   3
   d - Spectral Weapon                Hexes/Charms                 3
   e - Venom Bolt                     Conjuration/Poison           5
   f - Deflect Missiles               Charms/Air                   6
 A - a book of Air

   Spells                             Type                      Level
   a - Shock                          Conjuration/Air              1
   b - Swiftness                      Charms/Air                   2
   c - Static Discharge               Conjuration/Air              3
   d - Airstrike                      Air                          4
   e - Lightning Bolt                 Conjuration/Air              5
Comestibles
 c - 11 rations


   Skills:
 - Level 2.6(0.8) Dodging
 - Level 2.1(0.4) Stealth
 - Level 2.0(0.2) Spellcasting
 * Level 5.8(3.8) Conjurations
 - Level 3.0(1.2) Charms
 + Level 0.6(0.0) Summonings
 * Level 9.1(7.0) Ice Magic


You had one spell level left.
You knew the following spells:

 Your Spells              Type           Power        Failure   Level  Hunger
a - Freeze                Ice            ####         1%          1    ##.....
b - Throw Frost           Conj/Ice       ####..       3%          2    ###....
c - Ozocubu's Armour      Chrm/Ice       ###.....     12%         3    ####...
d - Summon Ice Beast      Ice/Summ       ###.....     45%         4    #####..


Dungeon Overview and Level Annotations

Branches:
Dungeon (7/15)             Temple (1/1) D:4

Altars:
Ashenzari
Cheibriados
Dithmenos
Fedhas
Gozag
Hepliaklqana
Nemelex Xobeh
Okawaru
Qazlal
Trog
Vehumet
Wu Jian
Yredelemnul
Zin
The Shining One

Shops:
D:5 =*:

Annotations:
D:4 Grinder
D:5 ILYA101's ghost, novice HOFi


Message History

The wight is almost destroyed.
The wight hits you with a dire flail.
* * * LOW HITPOINT WARNING * * *
You feel drained.
* * * LOW HITPOINT WARNING * * *
You hit the wight but do no damage.
The wight is almost destroyed.
The wight hits you with a dire flail.
* * * LOW HITPOINT WARNING * * *
You feel drained.
Okay, then.
Casting: Freeze
Confirm with . or Enter, or press ? or * to list all spells.
Aiming: Freeze
Press: ? - help, Shift-Dir - straight line, f/p - wight
Aim: a wight, wielding a dire flail and wearing a robe (almost destroyed)
You feel a surge of power!
You freeze the wight.
The wight resists.
The wight is almost destroyed.
The wight hits you with a dire flail.
You die...

................####'############
#########'##.......(.......<.....
...........#.....................
...........#.....................
...........#.....................
...........#.....................
########'###.....................
....##....#.....z>.....###'######
..........#.....@......#.........
..........#............#.........
..........#............#.........
######)##'#................######
....##)#.....############..###...
.....).#.....# #....#....
.......'.....# #....#....
.......#.....# #....#....
########.....# ##########


You could see a wight.

Vanquished Creatures
  Menkaure (D:6)
  An ice beast (D:5)
  A hornet zombie (D:6)
  An orc warrior (D:4)
  A necrophage (D:4)
  2 ogres
  A bullfrog (D:2)
  A crimson imp (D:6)
  A centaur skeleton (D:4)
  4 orc priests
  A hound (D:6)
  A jelly (D:6)
  4 orc wizards
  A bullfrog skeleton (D:6)
  2 iguanas
  6 worker ants
  6 gnolls (D:6)
  12 adders
  A shadow imp (D:6)
  2 oozes
  5 worms
  5 leopard geckos
  20 orcs
  8 bats
  6 giant cockroaches
  2 goblins (D:1)
  5 hobgoblins
  6 jackals
  A quokka (D:6)
  A ball python (D:1)
  9 frilled lizards
  A jackal zombie (D:5)
  11 kobolds
  5 rats
135 creatures vanquished.

Notes
Turn   | Place    | Note
-------+----------+-------------------------------------------
     0 | D:1      | Lusmu the Merfolk Ice Elementalist began the quest for the Orb.
     0 | D:1      | Reached XP level 1. HP: 13/13 MP: 3/3
   115 | D:1      | Reached XP level 2. HP: 18/19 MP: 3/5
   132 | D:1      | Reached skill level 4 in Ice Magic
   792 | D:1      | Reached XP level 3. HP: 19/24 MP: 4/6
  1188 | D:2      | Learned a level 2 spell: Throw Frost
  1192 | D:2      | Learned a level 3 spell: Ozocubu's Armour
  1201 | D:2      | Noticed an ogre
  1274 | D:2      | Killed an ogre
  1274 | D:2      | Reached skill level 1 in Conjurations
  1274 | D:2      | Reached skill level 1 in Charms
  1274 | D:2      | Reached skill level 5 in Ice Magic
  1274 | D:2      | Reached XP level 4. HP: 30/30 MP: 3/7
  1360 | D:2      | Reached XP level 5. HP: 35/35 MP: 6/8
  2097 | D:2      | Reached XP level 6. HP: 41/41 MP: 7/9
  2234 | D:2      | Reached skill level 6 in Ice Magic
  3064 | D:3      | Found a glowing golden altar of the Shining One.
  3630 | D:4      | Found a staircase to the Ecumenical Temple.
  3637 | Temple   | Entered the Ecumenical Temple
  3852 | Temple   | Became a worshipper of Vehumet
  4222 | D:4      | Noticed Grinder
  4434 | D:4      | Reached XP level 7. HP: 46/46 MP: 3/10
  4924 | D:5      | Entered Level 5 of the Dungeon
  4942 | D:4      | Reached skill level 7 in Ice Magic
  5199 | D:5      | Noticed ILYA101's ghost (novice HOFi)
  5475 | D:5      | Noticed Menkaure
  5483 | D:5      | Found Nidar's Book Emporium.
  6063 | D:6      | Killed Menkaure
  6063 | D:6      | Reached XP level 8. HP: 17/52 MP: 2/11
  6567 | D:5      | Found Afogeg's Jewellery Shoppe.
  6604 | D:5      | Found Daceget's General Store.
  6608 | D:5      | Bought a potion of curing for 42 gold pieces
  6666 | D:5      | Reached skill level 8 in Ice Magic
  7123 | D:6      | Reached skill level 5 in Conjurations
  7583 | D:6      | Identified the Incunabulum of Virous Talismans
  8010 | D:6      | Reached * piety under Vehumet
  8010 | D:6      | Offered knowledge of Flame Tongue by Vehumet.
  8106 | D:6      | Reached skill level 9 in Ice Magic
  8225 | D:6      | HP: 1/52 [hornet zombie (11)]
  8668 | D:6      | Learned a level 4 spell: Summon Ice Beast
  9107 | D:6      | HP: 2/52 [wight/dire flail (2)]
  9110 | D:6      | Slain by a wight

Skill      XL: |  1  2  3  4  5  6  7  8 |
---------------+-------------------------+-----
Ice Magic      | 4 5 6 7 9 |  9.1
Conjurations   | 1 2 3 4 5 |  5.8
Charms         | 1 2 3 |  3.0
Dodging        | |  2.6
Stealth        | |  2.1
Spellcasting   | |  2.0
Summonings     | |  0.6

Action                   |  1- 3 |  4- 6 |  7- 9 || total
-------------------------+-------+-------+-------++-------
Melee: Dagger            |    21 |    65 |       ||    86
       Short sword       |       |    16 |   196 ||   212
Throw: Tomahawk          |       |       |     1 ||     1
 Cast: Freeze            |    31 |    79 |    78 ||   188
       Throw Frost       |     3 |     9 |    19 ||    31
Evoke: Wand              |       |       |     1 ||     1
  Use: Scroll            |       |     7 |     7 ||    14
       Potion            |       |       |     8 ||     8
 Stab: Sleeping          |     2 |     1 |       ||     3
  Eat: Chunk             |     1 |    11 |    17 ||    29
Armor: Robe              |     4 |    10 |       ||    14
       Ring mail         |       |    50 |   111 ||   161
Dodge: Dodged            |    38 |    84 |   152 ||   274
